 Dungeon Crawl Stone Soup version 0.18.1-5-g4a78601 (webtiles) character file.

8371 Finerminer the Martial Artist (level 11, -8/127 (129) HPs)
             Began as a Demonspawn Monk on May 9, 2016.
             Was a High Priest of Trog.
             Mangled by an eight-headed hydra (11 damage)
             ... on level 2 of the Lair of Beasts.
             The game lasted 00:38:03 (10382 turns).

Finerminer the Martial Artist (Demonspawn Monk)    Turns: 10382, Time: 00:38:03

HP:   -8/127 (129)  AC:  5    Str: 17    XL:     11   Next: 9%
MP:   11/11         EV: 17    Int: 12    God:    Trog [*****.]
Gold: 412           SH:  4    Dex: 18    Spells: 0 memorised, 10 levels left

rFire  + . .     SeeInvis .       - Unarmed
rCold  . . .     Gourm    .     f - +0 leather armour
rNeg   + . .     Faith    .     o - +0 buckler
rPois  .         Spirit   .     K - +0 helmet
rElec  .         Dismiss  .     (no cloak)
rCorr  .         Reflect  .     (no gloves)
SustAt .         Harm     .     N - +0 pair of boots
MR     ++...                    p - amulet of regeneration
Stlth  ..........               (no ring)
                                A - ring of positive energy

@: berserking, regenerating, very quick, very resistant to hostile enchantments,
extremely unstealthy
A: claws 1, fire resistance 1, spiny 1, flame cloud immunity
a: Berserk, Trog's Hand, Brothers in Arms, Burn Spellbooks, Renounce Religion


You were on level 2 of the Lair of Beasts.
You worshipped Trog.
Trog was extremely pleased with you.
You were hungry.

You visited 3 branches of the dungeon, and saw 12 of its levels.

You collected 685 gold pieces.
You spent 273 gold pieces at shops.

Inventory:

Hand Weapons
 g - the +9 mace of Ruination {antimagic, rF+++ MP-9 Int+4 Stlth+, unknown}
   (You found it on level 6 of the Dungeon)

   It disrupts the flow of magical energy around spellcasters and certain
   magical creatures (including the wielder).
   It affects your intelligence (+4).
   It renders you almost immune to fire.
   It affects your magic capacity (-9).
   It makes you more stealthy.
Missiles
 v - a throwing net (quivered)
Armour
 a - a +0 robe
 f - a +0 leather armour (worn)
 o - a +0 buckler (worn)
 K - a +0 helmet (worn)
 N - a +0 pair of boots (worn)
Jewellery
 p - an amulet of regeneration (around neck)
 A - a ring of positive energy (left claw)
 C - an uncursed amulet of dismissal {unknown}
 J - a +1 ring of evasion {unknown}
Wands
 x - a wand of flame (15/48)
 D - a wand of confusion (19/48)
Scrolls
 e - 2 scrolls of amnesia {unknown}
 j - 4 scrolls of enchant armour
 l - 2 scrolls of fear
 q - 2 scrolls of fog
 r - 4 scrolls of teleportation
 s - a scroll of blinking
 t - a scroll of recharging {unknown}
 u - 5 scrolls of identify
 w - 2 scrolls of enchant weapon {unknown}
 y - 2 scrolls of magic mapping {unknown}
 E - a scroll of immolation {unknown}
 G - 2 scrolls of noise {unknown}
Potions
 h - 2 potions of might {unknown}
 i - 3 potions of curing
 B - a potion of heal wounds {unknown}
 F - a potion of brilliance {unknown}
 H - 2 potions of haste
 I - 2 potions of agility
Miscellaneous
 L - a sack of spiders
Comestibles
 b - 7 bread rations
 c - 8 slices of pizza
 k - 2 beef jerkies
 m - 7 meat rations
 n - 26 fruits
 M - 3 chunks of flesh


   Skills:
 + Level 8.1 Fighting
 + Level 8.2 Dodging
 + Level 8.2 Stealth
 + Level 10.1 Unarmed Combat
 + Level 1.2 Evocations


You had 10 spell levels left.
You didn't know any spells.

Dungeon Overview and Level Annotations

Branches:
Dungeon (9/15)             Temple (1/1) D:4            Lair (2/8) D:8
    Orc (0/2) D:9

Altars:
Ashenzari
Cheibriados
Dithmenos
Elyvilon
Fedhas
Gozag
Kikubaaqudgha
Makhleb
Nemelex Xobeh
Okawaru
Pakellas
Qazlal
Ru
Sif Muna
Trog
Vehumet
Xom
Yredelemnul
Zin
The Shining One

Shops:
D:6 ??(   D:8 *


Innate Abilities, Weirdness & Mutations

You have sharp fingernails.
Your flesh is heat resistant.
You are partially covered in sharp spines.
You are immune to clouds of flame.


Message History

The eight-headed hydra is struck by your spines.
The eight-headed hydra bites you but does no damage.
The eight-headed hydra completely misses you.
The eight-headed hydra misses you.
The eight-headed hydra barely misses you.
The eight-headed hydra bites you!
* * * LOW HITPOINT WARNING * * *
The eight-headed hydra bites you.
* * * LOW HITPOINT WARNING * * *
The eight-headed hydra bites you!
* * * LOW HITPOINT WARNING * * *
You block the eight-headed hydra's attack.
You claw the eight-headed hydra!
The eight-headed hydra is almost dead.
Unknown command.
You barely miss the eight-headed hydra.
The eight-headed hydra is almost dead.
The eight-headed hydra bites you but does no damage.
The eight-headed hydra bites you!
You die...

#.....#..####.####
#[...###.# #...##
.#######.# #....###
.......#.# #......#
##.......# #.....##
...#.#....#####...#
.#.#.#....# ##..#
#..#...##.### ##>P#
.....## #.# .##.@P#
.....# #...#.##D##
.#.### #...#...#
.....# ##...#....#
.###.#
##.##.#$.....
....)#
#.P###......#
##.#.# #.. ......#
#.... ##PP .#....#
..##.# ## .......


You could see an eight-headed hydra.

Vanquished Creatures
  A hydra (D:8)
  The ghost of Talea the Grappler, a journeyman VSMo of Pakellas (Lair:1)
  A spiny frog (Lair:1)
  Grinder (D:4)
  8 yaks
  Eustachio (D:6)
  2 hungry ghosts
  Menkaure (D:6)
  Duvessa (D:6)
  2 porcupines (Lair:1)
  The ghost of pesado the Conjurer, an amateur DECj (D:4)
  Edmund (D:4)
  A water moccasin (Lair:1)
  3 ice beasts
  A black bear (D:7)
  A sky beast (D:9)
  4 ogres
  A necrophage (D:9)
  A centaur (D:9)
  The ghost of ktulu8bugs the Digger, an amateur FoEE (D:3)
  3 crocodiles (Lair:1)
  12 giant frogs
  4 big kobolds
  Dowan (D:6)
  2 scorpions (D:8)
  5 killer bees (D:9)
  5 howler monkeys
  5 crimson imps
  A centaur zombie (D:5)
  A giant frog zombie (D:7)
  2 hounds
  An orc priest (D:8)
  A jelly (D:8)
  A centaur skeleton (D:6)
  7 orc wizards
  Jessica (D:3)
  6 iguanas
  Natasha (thrice) (D:2 D:4)
  9 worker ants
  2 sheep (D:8)
  2 hound zombies
  A hound skeleton (D:5)
  A worker ant zombie (D:7)
  7 gnolls
  8 adders
  6 river rats (Lair:1)
  A shadow imp (D:8)
  An ooze (D:7)
  3 worms (D:2)
  2 dart slugs (D:1)
  10 giant geckos
  23 orcs
  A ball python (D:3)
  14 bats
  8 giant cockroaches
  7 goblins
  6 hobgoblins
  6 jackals
  2 quokkas
  7 giant newts
  A jackal skeleton (D:6)
  A jackal zombie (D:7)
  13 kobolds
  A quokka skeleton (D:4)
  10 rats
  2 fungi (D:8)
  3 plants (D:8)
253 creatures vanquished.

Vanquished Creatures (others)
  5 sheep (D:5)
5 creatures vanquished.

Grand Total: 258 creatures vanquished

Notes
Turn   | Place    | Note
--------------------------------------------------------------
     0 | D:1      | Finerminer the Demonspawn Monk began the quest for the Orb.
     0 | D:1      | Reached XP level 1. HP: 18/18 MP: 1/1
   147 | D:1      | Reached skill level 4 in Unarmed Combat
   147 | D:1      | Gained mutation: You have sharp fingernails. [demonic ancestry]
   147 | D:1      | Reached XP level 2. HP: 18/24 MP: 2/2
   678 | D:1      | Reached XP level 3. HP: 29/29 MP: 3/3
  1095 | D:2      | Noticed Natasha
  1275 | D:2      | Reached XP level 4. HP: 31/35 MP: 4/4
  1432 | D:2      | Killed Natasha
  1432 | D:2      | Reached skill level 5 in Unarmed Combat
  1604 | D:2      | Found a sparkling altar of Nemelex Xobeh.
  1739 | D:2      | Noticed Natasha
  1752 | D:2      | Killed Natasha
  1769 | D:2      | Noticed Natasha
  2241 | D:3      | Noticed Jessica
  2247 | D:3      | Killed Jessica
  2247 | D:3      | Gained mutation: Your flesh is heat resistant. [demonic ancestry]
  2247 | D:3      | Reached XP level 5. HP: 40/41 MP: 5/5
  2604 | D:3      | Noticed ktulu8bugs's ghost (amateur FoEE)
  3143 | D:4      | Noticed an ogre
  3170 | D:4      | Killed Natasha
  3193 | D:4      | Reached XP level 6. HP: 45/47 MP: 6/6
  3216 | D:4      | Noticed pesado's ghost (amateur DECj)
  3557 | D:4      | Killed pesado's ghost
  3557 | D:4      | Reached skill level 6 in Unarmed Combat
  3641 | D:4      | Reached skill level 5 in Stealth
  3641 | D:4      | Gained mutation: You are immune to clouds of flame. [demonic ancestry]
  3641 | D:4      | Reached XP level 7. HP: 52/52 MP: 7/7
  3792 | D:4      | Noticed Edmund
  3808 | D:4      | Killed Edmund
  3938 | D:4      | Noticed Grinder
  4047 | D:3      | Killed ktulu8bugs's ghost
  4315 | D:4      | Found a staircase to the Ecumenical Temple.
  4319 | Temple   | Entered the Ecumenical Temple
  4347 | Temple   | Became a worshipper of Trog the Wrathful
  4347 | Temple   | Reached * piety under Trog
  4347 | Temple   | Reached ** piety under Trog
  4592 | D:4      | Paralysed by Grinder for 2 turns
  4600 | D:4      | Killed Grinder
  4600 | D:4      | Reached XP level 8. HP: 34/60 MP: 8/8
  4644 | D:5      | Entered Level 5 of the Dungeon
  4775 | D:5      | Reached skill level 7 in Unarmed Combat
  4989 | D:5      | Found a shimmering altar of Xom.
  5363 | D:5      | Found a white marble altar of Elyvilon.
  5485 | D:5      | Found a deep blue altar of Sif Muna.
  5526 | D:5      | Found a basalt altar of Yredelemnul.
  5570 | D:5      | Found a shimmering altar of Xom.
  5571 | D:5      | Found a burning altar of Makhleb.
  5816 | D:6      | Reached skill level 5 in Fighting
  5858 | D:6      | Got an ichor-stained mace
  5912 | D:6      | Found Lestro's Antique Weapon Shoppe.
  5913 | D:6      | Found Feobocieg's Magic Scroll Shoppe.
  5958 | D:6      | Bought a scroll of enchant armour for 90 gold pieces
  5958 | D:6      | Bought a scroll of identify for 24 gold pieces
  5982 | D:6      | Found Hutifir's Magic Scroll Emporium.
  6000 | D:6      | Bought a scroll of blinking for 82 gold pieces
  6157 | D:6      | Noticed Menkaure
  6160 | D:6      | Noticed Duvessa
  6161 | D:6      | Noticed Dowan
  6174 | D:6      | Killed Duvessa
  6174 | D:6      | Reached *** piety under Trog
  6174 | D:6      | Gained mutation: You are partially covered in sharp spines. [demonic ancestry]
  6174 | D:6      | Reached XP level 9. HP: 65/68 MP: 9/9
  6181 | D:6      | Killed Menkaure
  6181 | D:6      | Reached skill level 5 in Dodging
  6181 | D:6      | Reached skill level 8 in Unarmed Combat
  6185 | D:6      | Killed Dowan
  6190 | D:6      | Noticed Eustachio
  6268 | D:6      | Killed Eustachio
  6381 | D:6      | Found a snail-covered altar of Cheibriados.
  6381 | D:6      | Found an oddly glowing altar of Pakellas.
  6384 | D:6      | Found a sacrificial altar of Ru.
  6700 | D:7      | Found a shadowy altar of Dithmenos.
  7430 | D:8      | Found Ettythe's General Store.
  7445 | D:8      | Bought a scroll of fear for 49 gold pieces
  7445 | D:8      | Bought a scroll of fog for 28 gold pieces
  7477 | D:8      | Reached **** piety under Trog
  7485 | D:8      | Reached skill level 9 in Unarmed Combat
  7583 | D:8      | Noticed a three-headed hydra
  7595 | D:8      | Killed a three-headed hydra
  7595 | D:8      | Reached XP level 10. HP: 12/77 MP: 10/10
  7978 | D:8      | Found a staircase to the Lair.
  8620 | D:9      | Found an opulent altar of Gozag.
  8620 | D:9      | Found a glowing silver altar of Zin.
  8658 | D:9      | Noticed a manticore
  8668 | D:9      | Noticed a hill giant
  8846 | D:9      | Found a staircase to the Orcish Mines.
  9060 | D:9      | Reached skill level 1 in Evocations
  9082 | D:9      | Found a blossoming altar of Fedhas.
  9082 | D:9      | Found an ancient bone altar of Kikubaaqudgha.
  9223 | Lair:1   | Entered Level 1 of the Lair of Beasts
  9296 | Lair:1   | Reached ***** piety under Trog
  9404 | Lair:1   | Noticed a spiny frog
  9419 | Lair:1   | Killed a spiny frog
  9419 | Lair:1   | Reached skill level 10 in Unarmed Combat
  9746 | Lair:1   | Noticed Talea's ghost (journeyman VSMo)
  9805 | Lair:1   | Killed Talea's ghost
  9805 | Lair:1   | Reached XP level 11. HP: 43/85 MP: 11/11
 10356 | Lair:2   | Noticed an eight-headed hydra
 10380 | Lair:2   | HP: 1/127 [eight-headed hydra (10)]
 10382 | Lair:2   | Mangled by an eight-headed hydra

Skill      XL: |  1  2  3  4  5  6  7  8  9 10 |
---------------+-------------------------------+-----
Unarmed Combat | 4 5 6 7 9 10 | 10.1
Stealth        | 2 3 4 5 6 7 8 |  8.2
Dodging        | 3 4 6 8 |  8.2
Fighting       | 4 5 6 8 |  8.1
Evocations     | 1 |  1.2

Action                   |  1- 3 |  4- 6 |  7- 9 | 10-12 || total
-------------------------+-------+-------+-------+-------++-------
Melee: Unarmed           |   108 |   198 |   376 |   288 ||   970
       Punch             |       |     6 |     1 |       ||     7
Invok: Berserk           |       |       |     7 |     2 ||     9
       Burn Spellbooks   |       |       |     2 |       ||     2
       Trog's Hand       |       |       |       |     1 ||     1
Evoke: Wand              |       |       |     5 |     4 ||     9
  Use: Potion            |       |     4 |     1 |     2 ||     7
       Scroll            |       |     1 |     3 |     3 ||     7
 Stab: Sleeping          |     9 |     8 |    13 |    12 ||    42
       Distracted        |       |     1 |       |       ||     1
  Eat: Chunk             |     1 |     8 |    20 |    13 ||    42
Armor: Robe              |     9 |       |       |       ||     9
       Leather armour    |     5 |    33 |    40 |    14 ||    92
       Skin              |       |     2 |       |       ||     2
Dodge: Dodged            |    61 |    95 |   208 |   116 ||   480
Block: Buckler           |       |       |    27 |    29 ||    56
